[Event "Amsterdam Chess Open 2024"]
[Site "Amsterdam"]
[Date "2024.11.03"]
[Round "6.23"]
[White "Erisen, Sinan"]
[Black "Van der Velden, Rens"]
[Result "1-0"]
[ECO "E67"]
[WhiteElo "1745"]
[BlackElo "1798"]
[Annotator "NA RC"]
[PlyCount "65"]
[EventDate "2024.10.31"]
[EventType "swiss"]
[EventCountry "NED"]
[SourceTitle "playchess.com"]
[Source "ChessBase"]
[SourceQuality "1"]
[TimeControl "5400+30"]

1. g3 Nf6 2. d4 g6 3. c4 Bg7 4. Bg2 d6 5. Nf3 O-O 6. Nc3 Nbd7 7. h3 e5 8. O-O exd4 9. Nxd4 Nb6 10. b3 a6 11. Qd3 c5 12. Nc2 Re8 13. e4 Nh5 14. Be3 f5 15. Rad1 fxe4 16. Nxe4 Bf5 17. g4 Bxe4 18. Bxe4 Qh4 19. Bd5+ Nxd5 20. Qxd5+ Kh8 21. gxh5 gxh5 22. Kh2 Be5+ 23. f4 Rg8 24. Qf3 Raf8 25. Rg1 Bg7 26. Rd5 Qf6 27. Rxh5 Qc3 28. Qe4 h6 29. Rg6 Rf7 30. f5 Be5+ 31. Kh1 Rxg6 32. fxg6 Rf1+ 33. Kg2 1-0

[Event "Amsterdam Chess Open 2024"]
[Site "Amsterdam"]
[Date "2024.11.03"]
[Round "6.24"]
[White "Schebek, Paul"]
[Black "Serankou, Barys"]
[Result "1-0"]
[ECO "A30"]
[WhiteElo "1696"]
[BlackElo "1773"]
[Annotator "NA RC"]
[PlyCount "59"]
[EventDate "2024.10.31"]
[EventType "swiss"]
[EventCountry "NED"]
[SourceTitle "playchess.com"]
[Source "ChessBase"]
[SourceQuality "1"]
[TimeControl "5400+30"]

1. c4 c5 2. g3 e6 3. d3 d5 4. cxd5 exd5 5. Bg2 Nf6 6. Bg5 h6 7. Bxf6 gxf6 8. Qb3 d4 9. Bxb7 Bxb7 10. Qxb7 Nd7 11. Qe4+ Be7 12. Nd2 Nb6 13. Qc6+ Kf8 14. Ngf3 Rc8 15. Qb5 c4 16. dxc4 d3 17. O-O h5 18. exd3 h4 19. Nxh4 Rxh4 20. gxh4 Qxd3 21. Qh5 Bd6 22. Rae1 Kg7 23. Kh1 Be5 24. Nf3 Rc5 25. Rg1+ Kf8 26. Qh8+ Ke7 27. Nxe5 Rxe5 28. Rxe5+ fxe5 29. Qxe5+ Kd7 30. Qe3 1-0

[Event "Amsterdam Chess Open 2024"]
[Site "Amsterdam"]
[Date "2024.11.03"]
[Round "6.25"]
[White "Veenstra, Artyom"]
[Black "Thomas Huften"]
[Result "0-1"]
[ECO "A07"]
[WhiteElo "1640"]
[BlackElo "1781"]
[Annotator "NA RC"]
[PlyCount "100"]
[EventDate "2024.10.31"]
[EventType "swiss"]
[EventCountry "NED"]
[SourceTitle "playchess.com"]
[Source "ChessBase"]
[SourceQuality "1"]
[TimeControl "5400+30"]

1. Nf3 Nf6 2. g3 g6 3. Bg2 Bg7 4. O-O d5 5. d3 Bg4 6. Nbd2 O-O 7. h3 Bxf3 8. Bxf3 c6 9. e4 e5 10. h4 h5 11. b3 Nh7 12. Bb2 d4 13. Be2 f5 14. Bxh5 gxh5 15. Qxh5 Qf6 16. f4 Nd7 17. fxe5 Qxe5 18. Rf4 fxe4 19. Qxe5 Nxe5 20. Rxe4 c5 21. Rae1 Bh6 22. Rxe5 Bxd2 23. R1e4 Be3+ 24. Kg2 Nf6 25. Rxe3 dxe3 26. Rxe3 Rae8 27. Rxe8 Nxe8 28. Bc1 Nf6 29. Kf3 Nd5+ 30. Ke4 Nc3+ 31. Ke5 Nxa2 32. Bf4 Nb4 33. g4 Nxc2 34. g5 Nd4 35. g6 Nf3+ 36. Ke4 Nxh4 37. Bd6 Re8+ 38. Kd5 b6 39. Kc6 Re6 40. Kd5 Rxg6 41. Bb8 a6 42. Kc4 Nf5 43. Kd5 Ne7+ 44. Kc4 Kf7 45. Be5 Nc6 46. Bh8 Ke6 47. Kc3 Rg8 48. d4 Rxh8 49. dxc5 bxc5 50. Kc4 Ra8 0-1

[Event "Amsterdam Chess Open 2024"]
[Site "Amsterdam"]
[Date "2024.11.03"]
[Round "6.26"]
[White "Sam Ritchie"]
[Black "Charleston Chauvet"]
[Result "1-0"]
[ECO "C42"]
[WhiteElo "1600"]
[BlackElo "1200"]
[Annotator "NA RC"]
[PlyCount "63"]
[EventDate "2024.10.31"]
[EventType "swiss"]
[EventCountry "NED"]
[SourceTitle "playchess.com"]
[Source "ChessBase"]
[SourceQuality "1"]
[TimeControl "5400+30"]

1. e4 e5 2. Nf3 Nf6 3. Nc3 Bb4 4. Bc4 Bxc3 5. dxc3 d6 6. O-O Be6 7. Qd3 Bxc4 8. Qxc4 Nbd7 9. Ng5 O-O 10. f4 Rc8 11. Be3 h6 12. Nf3 exf4 13. Bxf4 Qe7 14. e5 Nxe5 15. Bxe5 dxe5 16. Rfe1 e4 17. Nd2 Rfe8 18. Re2 Qe6 19. Qc5 e3 20. Nf1 Qd5 21. Qxa7 Ra8 22. Qd4 Re4 23. Qd3 Rd8 24. Rxe3 Rxe3 25. Qxe3 Re8 26. Qd3 Qe6 27. b3 Qb6+ 28. Qd4 Qe6 29. Rd1 c6 30. h3 Ra8 31. a4 Ra5 32. Qd8+ 1-0

[Event "Amsterdam Chess Open 2024"]
[Site "Amsterdam"]
[Date "2024.11.03"]
[Round "6.27"]
[White "Chay Mes"]
[Black "Leonard Schneider"]
[Result "0-1"]
[ECO "A80"]
[WhiteElo "1200"]
[BlackElo "1200"]
[Annotator "NA RC"]
[PlyCount "78"]
[EventDate "2024.10.31"]
[EventType "swiss"]
[EventCountry "NED"]
[SourceTitle "playchess.com"]
[Source "ChessBase"]
[SourceQuality "1"]
[TimeControl "5400+30"]

1. d4 f5 2. Nf3 Nf6 3. Bf4 e6 4. e3 b6 5. Bd3 Bb7 6. Nbd2 Be7 7. h3 Ne4 8. O-O O-O 9. c3 d6 10. Qc2 Nxd2 11. Nxd2 Nd7 12. Bh2 Bg5 13. b4 Qe8 14. Rfe1 Qg6 15. e4 Bxd2 16. Qxd2 fxe4 17. Bc2 e3 18. Bxg6 exd2 19. Rxe6 hxg6 20. Re2 Rae8 21. Rxd2 Bd5 22. Rc1 Bc4 23. f3 b5 24. Kf2 Nb6 25. Re1 Rxe1 26. Kxe1 Re8+ 27. Kf2 Kf7 28. g4 Nd5 29. Rc2 Re3 30. a3 Rxc3 31. Rxc3 Nxc3 32. h4 Nb1 33. Bf4 Nxa3 34. h5 gxh5 35. gxh5 Nc2 36. Bg5 Nxd4 37. f4 Ne6 38. Ke3 Nxg5 39. fxg5 c5 0-1

[Event "Amsterdam Chess Open 2024"]
[Site "Amsterdam"]
[Date "2024.11.03"]
[Round "6.28"]
[White "Paul Shellard"]
[Black "Sonmez, Ozkal"]
[Result "0-1"]
[ECO "D58"]
[WhiteElo "1550"]
[BlackElo "1637"]
[Annotator "NA RC"]
[PlyCount "64"]
[EventDate "2024.10.31"]
[EventType "swiss"]
[EventCountry "NED"]
[SourceTitle "playchess.com"]
[Source "ChessBase"]
[SourceQuality "1"]
[TimeControl "5400+30"]

1. d4 Nf6 2. Nf3 d5 3. c4 e6 4. Bg5 Be7 5. Nc3 O-O 6. e3 b6 7. cxd5 exd5 8. Bd3 Nbd7 9. O-O h6 10. Bh4 Re8 11. Rc1 Bb7 12. Bg3 Ne4 13. Bxc7 Qxc7 14. Nxe4 Qd8 15. Nc3 a6 16. Qb3 Nf6 17. Na4 Nd7 18. Bf5 Rb8 19. Bxd7 Qxd7 20. Ne5 Qe6 21. Qxb6 Qf5 22. Qa5 Bd6 23. Nf3 Re6 24. Qd2 Rg6 25. Qd1 Bc8 26. Nh4 Qh3 27. g3 Qxh4 28. Qf3 Qh3 29. Nc3 Rxb2 30. Nxd5 Bb7 31. Rb1 Bxd5 32. Qxd5 Bxg3 0-1

[Event "Amsterdam Chess Open 2024"]
[Site "Amsterdam"]
[Date "2024.11.03"]
[Round "6.29"]
[White "Robin de Waal"]
[Black "Sommer, Hugo"]
[Result "1-0"]
[ECO "D66"]
[WhiteElo "1500"]
[BlackElo "1595"]
[Annotator "NA RC"]
[PlyCount "63"]
[EventDate "2024.10.31"]
[EventType "swiss"]
[EventCountry "NED"]
[SourceTitle "playchess.com"]
[Source "ChessBase"]
[SourceQuality "1"]
[TimeControl "5400+30"]

1. Nf3 d5 2. c4 c6 3. cxd5 cxd5 4. d4 Nf6 5. Bg5 e6 6. Nc3 Be7 7. e3 O-O 8. Bd3 h6 9. Bh4 Nbd7 10. O-O Re8 11. a3 a6 12. Rc1 b5 13. b4 Bb7 14. Re1 Nb6 15. Ne5 Nc4 16. Nxc4 dxc4 17. Be2 Nd5 18. Bxe7 Qxe7 19. Bf3 Nxc3 20. Rxc3 a5 21. Bxb7 Qxb7 22. Qb1 axb4 23. Qxb4 Ra4 24. Qb2 Rea8 25. Rb1 b4 26. Rxc4 Rxa3 27. Rxb4 Qe7 28. Rb8+ Rxb8 29. Qxb8+ Kh7 30. h3 Ra2 31. Rc1 Qh4 32. Qb1+ 1-0

[Event "Amsterdam Chess Open 2024"]
[Site "Amsterdam"]
[Date "2024.11.03"]
[Round "6.30"]
[White "Witte, Phoebe"]
[Black "Marijn Demarteau"]
[Result "1-0"]
[ECO "C79"]
[WhiteElo "1619"]
[BlackElo "1535"]
[Annotator "NA RC"]
[PlyCount "123"]
[EventDate "2024.10.31"]
[EventType "swiss"]
[EventCountry "NED"]
[SourceTitle "playchess.com"]
[Source "ChessBase"]
[SourceQuality "1"]
[TimeControl "5400+30"]

1. e4 e5 2. Nf3 Nc6 3. Bb5 d6 4. O-O Bd7 5. c3 a6 6. Ba4 Nf6 7. d3 h6 8. Re1 Be7 9. Nbd2 O-O 10. Nf1 b5 11. Bc2 Re8 12. Ng3 Qc8 13. Be3 Ng4 14. Bd2 Qb8 15. h3 Nf6 16. d4 exd4 17. cxd4 d5 18. e5 Nh7 19. Nf5 Bxf5 20. Bxf5 Nb4 21. a3 Nc6 22. Bxh7+ Kxh7 23. Qc2+ Kg8 24. Qxc6 Qd8 25. Rac1 Ra7 26. Qc2 c5 27. dxc5 Qc7 28. Qf5 Qc6 29. Nd4 Qc7 30. e6 Bf6 31. exf7+ Qxf7 32. Rxe8+ Qxe8 33. Qxd5+ Kh8 34. c6 Bxd4 35. Qxd4 Rc7 36. Bf4 Rxc6 37. Rxc6 Qxc6 38. Bxh6 Qxh6 39. Kh2 Kh7 40. g3 Qc6 41. h4 Qh6 42. Qe4+ Kg8 43. Qe3 Qf6 44. Qd2 Qf3 45. Qe3 Qf6 46. Qe2 Qd4 47. Kg2 Qd5+ 48. Qf3 Qd2 49. Qc3 Qd5+ 50. f3 Qd1 51. Kh3 Qd7+ 52. g4 Qd1 53. h5 Qf1+ 54. Kh4 Qe2 55. Kg3 Qd1 56. Kh4 Qd8+ 57. g5 Qd6 58. Qc8+ Kf7 59. g6+ Kf6 60. Qc3+ Kf5 61. Qc2+ Kf4 62. Qe4# 1-0